 Dungeon Crawl Stone Soup version 0.20.0-15-g7f486f2 (webtiles) character file.

1813011 botchamania the Invulnerable (level 26, 261/261 HPs)
             Began as a Minotaur Berserker on June 23, 2017.
             Was an Elder of Trog.
             Escaped with the Orb
             ... and 3 runes on June 25, 2017!
             The game lasted 02:40:07 (59566 turns).

botchamania the Invulnerable (Minotaur Berserker)  Turns: 59566, Time: 02:40:08

Health: 261/261    AC: 35    Str: 24    XL:     26   Next: 70%
Magic:  10/10      EV: 27    Int:  8    God:    Trog [****..]
Gold:   2310       SH:  0    Dex: 25    Spells: 25/25 levels left

rFire    + + +     SeeInvis .   j - +2 executioner's axe (antimagic)
rCold    + . .     Gourm    .   (shield currently unavailable)
rNeg     . . .     Faith    .   O - +3 plate armour {MR+}
rPois    +         Spirit   +   W - +2 hat {MR+}
rElec    +         Reflect  .   J - scarf {Spirit}
rCorr    .         Harm     .   e - +2 pair of gloves
MR       +++..                  a - +2 pair of boots {Fly}
Stlth    ..........             y - amulet of the Trilobite {Spirit rF++ rC+}
Regen    0.6/turn               Z - ring of the Median {+Inv rElec rF+ rC+ Dex+5}
MPRegen  0.2/turn               w - ring "Cegyut" {Fire rPois Int+3 Dex+3 Slay+3}

@: flying
A: retaliatory headbutt, horns 2, clumsy 1, screaming 1, electricity resistance,
MP-powered wands
0: Orb of Zot
}: 3/15 runes: decaying, serpentine, silver
a: Berserk, Trog's Hand, Brothers in Arms, Burn Spellbooks, Renounce Religion,
Evoke Invisibility, Stop Flying


You escaped.
You worshipped Trog.
Trog was greatly pleased with you.
You were hungry.

You visited 8 branches of the dungeon, and saw 46 of its levels.
You visited the Abyss 1 time.
You visited 2 bazaars.
You also visited: Trove, Sewer, Ossuary and Ice Cave.

You collected 6211 gold pieces.
You spent 3901 gold pieces at shops.

Inventory:

Hand Weapons
 h - a +2 antimagic battleaxe
 j - a +2 antimagic executioner's axe (weapon)
 l - the +5 battleaxe of the Skies Above {speed, Str+3}
   (Trog gifted it to you on level 2 of the Vaults)

   Attacks with this weapon are significantly faster.
   It affects your strength (+3).
 p - a +3 arbalest of velocity
 D - a +2 executioner's axe of electrocution
 G - a +6 executioner's axe of protection
 P - a +9 battleaxe of freezing
 X - a +7 broad axe of flaming
Missiles
 I - 3 poisoned javelins (quivered)
Armour
 a - a +2 pair of boots of flying (worn)
 e - a +2 pair of gloves (worn)
 t - a +4 plate armour of cold resistance
 v - a +0 cloak of invisibility
 J - a scarf of spirit shield (worn)
 O - a +3 plate armour of magic resistance (worn)
 W - a +2 hat of magic resistance (worn)
Jewellery
 c - an uncursed ring of teleportation
 q - an uncursed ring of flight
 u - the ring of Jealousy {rElec rN+ MR- AC+4}
   (You found it in a treasure trove)

   [ring of protection]

   It affects your AC (+4).
   It insulates you from electricity.
   It protects you from negative energy.
   It affects your resistance to hostile enchantments.
 w - the ring "Cegyut" (right hand) {Fire rPois Int+3 Dex+3 Slay+3}
   (You bought it in a shop on level 1 of the Depths)

   [ring of fire]

   It enhances your fire magic.
   It affects your intelligence (+3).
   It affects your dexterity (+3).
   It affects your accuracy and damage with ranged weapons and melee attacks
   (+3).
   It protects you from fire.
   It makes you vulnerable to cold.
   It protects you from poison.
 y - the amulet of the Trilobite (around neck) {Spirit rF++ rC+}
   (You bought it in a shop in a bazaar)

   [amulet of guardian spirit]

   It causes incoming damage to be split between your health and magic.
   It greatly protects you from fire.
   It protects you from cold.
 C - an uncursed ring of fire
 L - the amulet of Xom's Bemusement {RegenMP Str+3}
   (You found it in a treasure trove)

   [amulet of magic regeneration]

   It increases your magic regeneration.
   It affects your strength (+3).
 N - a cursed ring of loudness
 Q - the ring of Phasing {EV+8}
   (You found it on level 4 of the Swamp)

   [ring of evasion]

   It affects your evasion (+8).
 T - an uncursed ring of resist corrosion
 Z - the ring of the Median (left hand) {+Inv rElec rF+ rC+ Dex+5}
   (You found it on level 2 of the Snake Pit)

   [ring of dexterity]

   It affects your dexterity (+5).
   It protects you from fire.
   It protects you from cold.
   It insulates you from electricity.
   It lets you turn invisible.
Wands
 o - a wand of digging (1/24)
 R - a wand of digging (9/24)
 S - a wand of scattershot (6/9)
Scrolls
 b - 3 scrolls of blinking
 i - 4 scrolls of recharging
 n - 2 scrolls of teleportation
 r - 4 scrolls of fog
 s - 7 scrolls of immolation
 B - 19 scrolls of remove curse
 K - 5 scrolls of magic mapping
Potions
 g - 2 potions of magic
 m - 2 potions of resistance
 z - 6 potions of agility
 E - a potion of might {unknown}
 M - 2 potions of ambrosia
 V - 4 potions of cancellation
Comestibles
 d - 7 meat rations
 f - 26 royal jellies
 F - 8 fruits
 Y - 3 bread rations


   Skills:
 + Level 26.1 Fighting
 - Level 26.3 Axes
 O Level 27 Armour
 + Level 22.6 Dodging
 - Level 12.0 Evocations


You had 25 spell levels left.
You didn't know any spells.

Dungeon Overview and Level Annotations

Branches:
Dungeon (15/15)            Temple (0/1) D:4            Lair (6/6) D:9
  Swamp (4/4) Lair:4        Snake (4/4) Lair:2        Slime (0/5) Lair:5
    Orc (2/2) D:10            Elf (0/3) Orc:2        Vaults (5/5) D:14
  Crypt (0/3) Vaults:2     Depths (5/5) D:15            Zot (5/5) Depths:5

Altars:
Ashenzari
Elyvilon
Fedhas
Gozag
Hepliaklqana
Kikubaaqudgha
Makhleb
Nemelex Xobeh
Qazlal
Sif Muna
Trog
Vehumet
Xom
Yredelemnul
Zin
The Shining One

Shops:
D:9 [   D:11 (   D:13 *   Orc:1 }   Orc:2 %=*=   Snake:1 *   Vaults:2 ?
Depths:1 *   Depths:2 ((*[   Depths:4 :

Portals:
Hell: Depths:1 Depths:2 Depths:3
Abyss: Depths:4
Pandemonium: Depths:1 Depths:3
Ziggurat: Depths:1

Annotations:
Lair:5 exclusion: 2 oklob plants
Swamp:1 exclusion: Roxanne, Roxanne


Innate Abilities, Weirdness & Mutations

You reflexively headbutt those who attack you in melee.
You have a pair of horns on your head.
You are clumsy. (Dex -2)
You occasionally shout uncontrollably at your foes.
You are resistant to electric shocks. (rElec)
You expend magic power (3 MP) to strengthen your wands.


Message History

There is a stone staircase leading down here.
There is a stone staircase leading up here.
You fly upwards.
There is a stone staircase leading down here.
There is a stone staircase leading up here.
You fly upwards.
There is a stone staircase leading down here.
A ynoxinul comes into view.
The ynoxinul barely misses you.
Unknown command.
You slice the ynoxinul!!
The ynoxinul's magic leaks into the air.
The ynoxinul is almost dead.
You slice the ynoxinul!!
You kill the ynoxinul!
Trog accepts your kill.
There is an open door here.
There is a staircase leading out of the dungeon here.
You can't go down here!
You have escaped!

#.##..# ##.# #.####.#..
#.##..###..# #.........
#.##....#..# #.####.#.#
#.##.##.#..#####.# #....
##.##.##.#........######..
######...#.##.#.#.#.##.........
#........#.##.#.#.#.##..######.
#.####...#.######.#.##(.# ##
#.# #########@#######..# # #.#
#...........##..# # ##.#
##'####'####'#...# # #..# #..#
#..)# #.###.# # #.## #.## #.#.#
#.....# # #.#######.# ##.#.#
###.### #.........# #....# #.#
########.## #..### #.# ##..#
#..# #.#


There were no monsters in sight!

Vanquished Creatures
  5 orbs of fire
  5 ancient liches
  2 juggernauts (Depths:3)
  Boris (Depths:4)
  Frederick (Vaults:4)
  Bai Suzhen (Vaults:4)
  Margery (Depths:4)
  Saint Roka (Snake:2)
  5 Killer Klowns
  Vashnia (Snake:4)
  A caustic shrike (Depths:2)
  3 curse toes
  Xtahua (Depths:4)
  Jory (Depths:4)
  5 golden dragons
  2 bone dragons
  3 electric golems
  the Enchantress (Depths:4)
  A Tzitzimitl (D:6)
  Jorgrun (Swamp:4)
  3 liches
  14 tentacled monstrosities
  8 titans
  26 Orb Guardians
  7 quicksilver dragons
  3 death cobs
  The ghost of Ferkelamun the Severer, an adept FoFi of Cheibriados (Snake:2)
  8 sphinxes
  2 thorn hunters
  Agnes (Snake:1)
  11 storm dragons
  Kirke (D:13)
  4 tengu reavers
  6 shadow dragons
  Donald (Swamp:1)
  7 draconian monks
  9 nagarajas
  2 azure jellies (Swamp:4)
  3 draconian knights
  5 fire giants
  3 deep elf sorcerers
  3 iron dragons
  12 frost giants
  A draconian shifter (Zot:4)
  14 vault wardens
  2 ghost moths
  4 draconian scorchers
  Aizul (Swamp:1)
  2 ghouls (D:15)
  A warmonger (D:14)
  A draconian stormcaller (Zot:5)
  4 war gargoyles (Vaults:5)
  3 deep elf elementalists
  3 spriggan defenders (Depths:4)
  3 entropy weavers
  4 draconian annihilators
  10 stone giants
  A reaper (Depths:3)
  19 very ugly things
  24 ironheart preservers
  5 vampire knights
  7 green draconians
  A deep elf demonologist (Vaults:5)
  A lorocyproca (D:9)
  6 purple draconians
  3 black draconians
  6 red draconians
  A deep elf annihilator (Vaults:3)
  7 white draconians
  9 spark wasps
  4 yellow draconians
  2 deep elf death magi (Vaults:5)
  5 jiangshi (Depths:4)
  6 ettins
  9 fire dragons
  A blizzard demon (Abyss:2)
  5 great orbs of eyes
  A deep elf high priest (Vaults:5)
  15 yaktaur captains
  12 ice dragons
  Erolcha (D:13)
  36 vault guards
  3 rakshasas
  4 spriggan air magi
  13 naga warriors
  8 hydras
  Erica (Orc:1)
  43 two-headed ogres
  14 centaur warriors
  2 death yaks (IceCv)
  4 tengu warriors
  8 anacondas
  2 death knights
  14 ogre magi
  The ghost of Wanze the Covert, a journeyman KoEn of Qazlal (D:10)
  9 deep troll shamans
  An alligator (shapeshifter) (Vaults:5)
  9 alligators
  7 spriggan berserkers
  16 deep troll earth magi
  3 soul eaters
  8 naga sharpshooters
  2 orc high priests (Orc:2)
  7 shock serpents
  2 thrashing horrors (Abyss:2)
  4 vampire magi (Depths:4)
  4 hell knights (Depths:4)
  Sonja (D:15)
  2 deep elf knights (Vaults:5)
  17 spriggans
  2 wretched stars (Abyss:2)
  3 shadow wraiths
  2 sixfirhies
  A glowing orange brain (shapeshifter) (Vaults:1)
  4 salamander mystics
  3 iron trolls
  3 unseen horrors
  2 large abominations (Abyss:2)
  7 skeletal warriors
  3 torturous demonspawn
  3 flayed ghosts
  3 swamp dragons
  7 sea snakes (Snake:4)
  2 wizards
  2 spriggan druids
  A tengu zombie (Vaults:1)
  50 deep trolls
  7 naga ritualists
  A swamp dragon (shapeshifter) (Vaults:3)
  6 glowing orange brains
  A deep elf archer (Vaults:3)
  9 phantasmal warriors
  16 orc knights
  6 mana vipers
  5 shambling mangroves
  A lindwurm (Lair:6)
  5 deep elf magi
  A harpy (shapeshifter) (Vaults:1)
  7 wolf spiders
  18 ironbrand convokers
  A wolf spider zombie (D:15)
  36 ugly things
  4 necromancers
  3 frost giant zombies (Depths:4)
  14 salamanders
  A tengu skeleton (Vaults:5)
  2 manticores
  3 orc sorcerers
  18 moths of wrath
  8 cyclopes
  4 fire giant zombies (Depths:4)
  A salamander (shapeshifter) (Vaults:1)
  2 rust devils (Depths:3)
  37 black mambas
  An eye of devastation (Abyss:2)
  2 eyes of devastation (shapeshifter)
  13 guardian serpents
  23 naga magi
  3 smoke demons (Abyss:2)
  16 vault sentinels
  2 torpor snails
  2 water nymphs (shapeshifter) (Vaults:5)
  4 centaur skeletons
  5 spectral swamp worms (Depths:1)
  A spiny frog (shapeshifter) (Vaults:4)
  14 spiny frogs
  An efreet (Abyss:2)
  A rime drake (Lair:6)
  A yaktaur (shapeshifter) (Vaults:4)
  A kobold demonologist (Depths:4)
  3 komodo dragons
  5 tengu conjurers
  A red devil (Depths:5)
  A tormentor (Depths:5)
  7 freezing wraiths
  45 yaktaurs
  A harpy zombie (Abyss:2)
  A yaktaur skeleton (Vaults:1)
  14 polar bears
  A slime creature (shapeshifter) (Depths:2)
  A hornet (shapeshifter) (Vaults:4)
  7 trolls
  23 slime creatures
  3 bog bodies
  5 tyrant leeches
  31 hornets
  6 raiju (Abyss:2)
  A blink frog (shapeshifter) (Depths:1)
  A human simulacrum (Vaults:1)
  6 hippogriffs
  16 blink frogs
  6 dream sheep (Lair:6)
  2 snapping turtles (shapeshifter)
  An ettin zombie (Vaults:5)
  An ice dragon zombie (Vaults:1)
  2 meliai zombies (D:15)
  2 vampires
  3 air elementals (Depths:3)
  6 flying skulls (Depths:4)
  7 redbacks
  A wraith (D:14)
  3 shadows
  3 tarantellas
  A spriggan (shapeshifter) (Depths:4)
  77 yaks
  3 ynoxinuls
  A centaur simulacrum (D:15)
  4 water elementals (Depths:2)
  12 wyverns
  4 hogs (D:13)
  A basilisk (shapeshifter) (Vaults:4)
  2 hogs (shapeshifter)
  A basilisk (Lair:4)
  5 swamp worm simulacra (Swamp:4)
  12 vampire mosquitoes
  3 neqoxecs
  4 hungry ghosts
  A chaos spawn (Depths:5)
  62 nagas
  22 swamp worms
  3 wargs
  16 insubstantial wisps
  4 acid dragons
  An ogre skeleton (Vaults:1)
  23 water moccasins
  4 porcupines
  12 hydra simulacra (Swamp:4)
  A sky beast (shapeshifter) (Vaults:5)
  Purgy (Sewer)
  4 black bears
  8 swamp drakes
  6 sky beasts
  11 hell hounds
  6 ice beasts
  42 orc warriors
  A black bear (shapeshifter) (Vaults:2)
  2 phantoms
  2 eyes of draining
  An ettin simulacrum (Vaults:5)
  24 wolves
  30 ogres
  14 boggarts
  29 centaurs
  13 crocodiles
  2 big kobolds (Depths:4)
  15 bullfrogs
  2 wyvern skeletons
  8 small abominations
  3 scorpions
  An orc simulacrum (Vaults:1)
  24 killer bees
  3 electric eels
  3 howler monkeys (D:10)
  2 jellies
  9 crimson imps
  6 hounds
  4 quasits
  7 centaur zombies
  2 bullfrog zombies
  2 human zombies (Ossuary)
  A gnoll shaman (D:8)
  26 orc priests
  A bullfrog skeleton (D:12)
  37 orc wizards
  5 iguanas
  15 worker ants
  A big kobold zombie (Ossuary)
  A hound skeleton (D:8)
  6 mummies
  A howler monkey skeleton (D:3)
  7 gnolls
  A howler monkey zombie (D:6)
  19 adders
  3 shadow imps
  15 white imps
  3 swamp drake simulacra (Swamp:4)
  4 ufetubi
  2 adder skeletons
  2 adder zombies
  9 worms
  A dart slug (D:1)
  6 leopard geckos
  127 orcs
  9 bats
  9 giant cockroaches
  3 gnoll zombies (Ossuary)
  7 goblins
  7 hobgoblins
  2 jackals (D:1)
  3 quokkas
  5 ball pythons
  5 frilled lizards
  A jackal skeleton (D:4)
  9 kobolds
  A kobold zombie (Ossuary)
  A leopard gecko skeleton (D:4)
  An orc zombie (Ossuary)
  A quokka skeleton (D:7)
  A quokka zombie (D:8)
  8 rats
  8 plants
  3 withered plants (D:15)
2195 creatures vanquished.

Vanquished Creatures (collateral kills)
  Mara (Snake:4)
  An ancient lich (Vaults:5)
  A golden dragon (Zot:4)
  An Orb Guardian (Zot:5)
  A quicksilver dragon (Vaults:5)
  2 liches
  A titan (Vaults:5)
  A tengu reaver (Vaults:5)
  A storm dragon (Zot:3)
  3 nagarajas (Snake:4)
  A vault warden (Vaults:5)
  A draconian shifter (Zot:4)
  2 ironheart preservers (Vaults:5)
  A war gargoyle (Vaults:5)
  3 very ugly things (Depths:2)
  2 ettins (Vaults:5)
  A fire dragon (Depths:3)
  3 yaktaur captains (Vaults:5)
  4 vault guards (Vaults:5)
  4 naga warriors (Snake:4)
  An alligator (Swamp:1)
  2 orc high priests (Orc:2)
  5 naga sharpshooters (Snake:4)
  A salamander mystic (Snake:2)
  2 ironbrand convokers (Vaults:5)
  A naga ritualist (Snake:4)
  2 sea snakes (Snake:4)
  An orc sorcerer (Orc:2)
  2 salamanders
  2 guardian serpents (Snake:4)
  A vault sentinel (Vaults:5)
  4 naga magi (Snake:4)
  A black mamba (Snake:4)
  A yaktaur (Vaults:5)
  A red devil (Zot:5)
  2 hornets (Swamp:1)
  2 spriggans (Swamp:1)
  7 nagas (Snake:4)
  6 orc warriors
  4 orc wizards (Orc:2)
  7 orc priests (Orc:2)
  A white imp (Zot:5)
  2 orcs (Orc:2)
93 creatures vanquished.

Vanquished Creatures (others)
  A fire giant (Depths:4)
  A draconian knight (Zot:5)
  A red draconian (Zot:4)
  2 white draconians (Zot:4)
  A shambling mangrove (Swamp:4)
  4 moths of wrath (Zot:5)
  A black mamba (Snake:2)
  A naga mage (Snake:2)
  An ancient zyme (Abyss:2)
  A polar bear (IceCv)
  3 hornets (Swamp:4)
  2 yaks (IceCv)
  2 boggarts
  3 wolves (IceCv)
  A ball lightning (Zot:5)
  An orc (Vaults:2)
  7 fungi (Lair:6)
  8 plants
  A withered plant (D:15)
42 creatures vanquished.

Grand Total: 2330 creatures vanquished

Notes
Turn   | Place    | Note
-------+----------+-------------------------------------------
     0 | D:1      | botchamania the Minotaur Berserker began the quest for the Orb.
     0 | D:1      | Reached XP level 1. HP: 19/19 MP: 0/0
   119 | D:1      | Reached XP level 2. HP: 25/27 MP: 1/1
   639 | D:1      | Reached ** piety under Trog
   674 | D:2      | Reached XP level 3. HP: 27/33 MP: 2/2
   845 | D:2      | Reached skill level 3 in Armour
   845 | D:2      | Reached XP level 4. HP: 33/40 MP: 3/3
  1374 | D:3      | Reached skill level 5 in Axes
  1374 | D:3      | Reached XP level 5. HP: 26/47 MP: 4/4
  1647 | D:3      | Reached *** piety under Trog
  1729 | D:3      | Found a glowing drain.
  1759 | Sewer    | Entered a sewer
  1906 | Sewer    | Noticed Purgy
  1912 | Sewer    | Killed Purgy
  1912 | Sewer    | Reached skill level 4 in Armour
  1912 | Sewer    | Reached XP level 6. HP: 55/55 MP: 5/5
  2096 | D:3      | Reached skill level 5 in Fighting
  2302 | D:3      | Found a shattered altar of Ashenzari.
  2303 | D:3      | Found a deep blue altar of Sif Muna.
  2348 | D:3      | Found a glowing golden altar of the Shining One.
  2608 | D:4      | Reached **** piety under Trog
  2864 | D:4      | Reached XP level 7. HP: 52/61 MP: 3/6
  3196 | D:4      | Reached skill level 5 in Armour
  3358 | D:4      | Found a staircase to the Ecumenical Temple.
  3607 | D:5      | Entered Level 5 of the Dungeon
  3893 | D:5      | Received a gift from Trog
  3895 | D:5      | Reached skill level 5 in Dodging
  3951 | D:5      | Reached XP level 8. HP: 47/70 MP: 5/7
  4237 | D:6      | Found a bloodstained altar of Trog.
  4719 | D:6      | Found a radiant altar of Vehumet.
  4720 | D:6      | Found a sparkling altar of Nemelex Xobeh.
  4916 | D:6      | Reached skill level 6 in Armour
  5776 | D:7      | Found a hazy altar of Hepliaklqana.
  5827 | D:7      | Reached XP level 9. HP: 68/79 MP: 6/8
  6435 | D:8      | Found a hazy altar of Hepliaklqana.
  6438 | D:8      | Reached ***** piety under Trog
  6459 | D:8      | Found an opulent altar of Gozag.
  6518 | D:8      | Found a burning altar of Makhleb.
  6732 | D:8      | Found a sand-covered staircase.
  6739 | D:8      | Reached skill level 10 in Axes
  6739 | D:8      | Reached skill level 7 in Armour
  6756 | D:8      | Received a gift from Trog
  6832 | Ossuary  | Entered an ossuary
  7531 | D:9      | Found a staircase to the Lair.
  7549 | D:9      | Reached skill level 8 in Armour
  7556 | D:9      | Reached XP level 10. HP: 82/90 MP: 9/9
  7622 | D:9      | Found a glowing silver altar of Zin.
  7623 | D:9      | Found a bloodstained altar of Trog.
  7625 | D:9      | Found a shimmering altar of Xom.
  7625 | D:9      | Found a basalt altar of Yredelemnul.
  7628 | D:9      | Found a white marble altar of Elyvilon.
  7629 | D:9      | Found a stormy altar of Qazlal.
  7793 | D:9      | Got a wavering ivory ring
  7958 | D:9      | Found a blossoming altar of Fedhas.
  7966 | D:9      | Found Cylif's Antique Armour Shoppe.
  7969 | D:9      | Bought a pair of runed boots for 180 gold pieces
  8293 | D:10     | Entered Level 10 of the Dungeon
  8566 | D:10     | Noticed a two-headed ogre
  8575 | D:10     | Killed a two-headed ogre
  8857 | D:10     | Received a gift from Trog
  9237 | D:10     | Reached skill level 9 in Armour
  9272 | D:10     | Noticed Wanze's ghost (journeyman KoEn)
  9294 | D:10     | Killed Wanze's ghost
  9374 | D:10     | Reached XP level 11. HP: 86/99 MP: 7/10
  9415 | D:10     | Noticed a two-headed ogre
  9422 | D:10     | Killed a two-headed ogre
  9422 | D:10     | Reached skill level 10 in Fighting
  9533 | D:10     | Found a staircase to the Orcish Mines.
  9647 | Lair:1   | Entered Level 1 of the Lair of Beasts
 10734 | Lair:1   | Noticed a seven-headed hydra
 10739 | Lair:1   | Killed a five-headed hydra
 10739 | Lair:1   | Reached skill level 10 in Armour
 11557 | Lair:1   | Received a gift from Trog
 11592 | Lair:2   | Found a frozen archway.
 11611 | IceCv    | Entered an ice cave
 12200 | IceCv    | Reached skill level 15 in Axes
 12230 | IceCv    | Noticed a death yak
 12233 | IceCv    | Noticed a death yak
 12237 | IceCv    | Killed a death yak
 12240 | IceCv    | Killed a death yak
 12240 | IceCv    | Reached XP level 12. HP: 108/108 MP: 11/11
 12448 | IceCv    | Noticed a frost giant
 12465 | IceCv    | Killed a frost giant
 12897 | Lair:2   | Identified the ring "Uhottuba" {rC+ rN+ Dex+3} (You found it on level 9 of the Dungeon)
 12946 | Lair:2   | Noticed a seven-headed hydra
 12972 | Lair:2   | Killed a three-headed hydra
 13213 | Lair:2   | Found a staircase to the Snake Pit.
 13238 | Lair:2   | Received a gift from Trog
 14184 | Lair:3   | Reached XP level 13. HP: 112/114 MP: 12/12
 15044 | Lair:4   | Found a staircase to the Swamp.
 15048 | Lair:4   | Reached ****** piety under Trog
 15467 | Lair:4   | Found an opulent altar of Gozag.
 15938 | Lair:5   | Found a staircase to the Slime Pits.
 16454 | Lair:6   | Entered Level 6 of the Lair of Beasts
 16480 | Lair:6   | Received a gift from Trog
 16662 | Lair:6   | Reached skill level 11 in Armour
 17145 | Lair:6   | Paralysed by a hornet for 2 turns
 17456 | Lair:6   | Reached skill level 12 in Armour
 17500 | Lair:6   | Received a gift from Trog
 18284 | Orc:1    | Entered Level 1 of the Orcish Mines
 18284 | Orc:1    | Noticed Erica
 18300 | Orc:1    | Killed Erica
 18300 | Orc:1    | Reached XP level 14. HP: 83/127 MP: 13/13
 18508 | Orc:1    | Found Cino's Quality Used Wands.
 18817 | Orc:2    | Entered Level 2 of the Orcish Mines
 18963 | Orc:2    | Received a gift from Trog
 19112 | Orc:2    | Found Hypsaunt's Assorted Antiques.
 19112 | Orc:2    | Found Eti Ysae's Jewellery Shoppe.
 19112 | Orc:2    | Found Iteome's Jewellery Emporium.
 19115 | Orc:2    | Found Jaumycee's Food Emporium.
 19129 | Orc:2    | Reached skill level 13 in Armour
 19431 | Orc:2    | Found a staircase to the Elven Halls.
 20419 | D:11     | Found Joum Zau's Antique Weapon Emporium.
 20999 | D:12     | Received a gift from Trog
 21022 | D:13     | Noticed Erolcha
 21029 | D:13     | Killed Erolcha
 21076 | D:13     | Reached skill level 14 in Armour
 21103 | D:13     | Found a flickering gateway to a bazaar.
 21129 | Bazaar   | Entered a bazaar
 21129 | Bazaar   | Found Nofoul's Armour Boutique.
 21129 | Bazaar   | Found Falux's Food Shoppe.
 21129 | Bazaar   | Found Qidax's Gadget Shop.
 21129 | Bazaar   | Found Paurrego's Armour Shoppe.
 21195 | Bazaar   | Bought a +1 hat of magic resistance for 144 gold pieces
 21200 | Bazaar   | Bought a +0 cloak for 40 gold pieces
 21225 | Bazaar   | Bought a wand of digging (11/24) for 300 gold pieces
 21289 | D:13     | Found Dubbi's Changing Room.
 21354 | D:13     | Noticed Kirke
 21371 | D:13     | Killed Kirke
 21859 | D:14     | Received a gift from Trog
 22353 | D:14     | Reached skill level 15 in Fighting
 22441 | D:14     | Found an opulent altar of Gozag.
 22560 | D:14     | Reached skill level 15 in Armour
 22606 | D:14     | Found a gate to the Vaults.
 22617 | D:14     | Reached XP level 15. HP: 141/141 MP: 14/14
 23119 | D:15     | Entered Level 15 of the Dungeon
 23119 | D:15     | Found a sparkling altar of Nemelex Xobeh.
 23154 | D:15     | Reached skill level 16 in Armour
 23446 | D:15     | Noticed Sonja
 23453 | D:15     | Received a gift from Trog
 23462 | D:15     | Killed Sonja
 24384 | D:15     | Found a staircase to the Depths.
 24697 | Snake:1  | Entered Level 1 of the Snake Pit
 24746 | Snake:1  | Reached skill level 17 in Armour
 25615 | Orc:2    | Bought an uncursed ring of poison resistance for 240 gold pieces
 25615 | Orc:2    | Bought an uncursed ring of protection from fire for 300 gold pieces
 25778 | Snake:1  | Found Oruohe Nuorph's General Store.
 25784 | Snake:1  | Bought a +1 plate armour of magic resistance for 560 gold pieces
 25784 | Snake:1  | Bought a potion of invisibility for 128 gold pieces
 26036 | Snake:1  | Noticed Agnes
 26052 | Snake:1  | Killed Agnes
 26437 | Snake:1  | Reached XP level 16. HP: 141/155 MP: 8/15
 26545 | Snake:2  | Noticed Saint Roka
 26570 | Snake:2  | Killed Saint Roka
 26821 | Snake:2  | Noticed Ferkelamun's ghost (adept FoFi)
 26845 | Snake:2  | Killed Ferkelamun's ghost
 27088 | Snake:2  | Found a transporter.
 27119 | Snake:2  | Found a transporter.
 27266 | Snake:2  | Received a gift from Trog
 27672 | Snake:2  | Got a bound bone ring
 27673 | Snake:2  | Identified the ring of the Median {+Inv rElec rF+ rC+ Dex+5} (You found it on level 2 of the Snake Pit)
 27805 | Snake:2  | Got a brightly glowing glass ring
 27813 | Snake:2  | Identified the ring of Makhleb's Envy {*Drain +Blink +Fly MR++ MP+9} (You found it on level 2 of the Snake Pit)
 28184 | Snake:3  | Found a flickering gateway to a bazaar.
 28192 | Bazaar   | Entered a bazaar
 28192 | Bazaar   | Found Imuxziwo's Jewellery Shoppe.
 28208 | Bazaar   | Found Ojipel Ysso's Jewellery Shop.
 28237 | Bazaar   | Found Udghey Idyosi's Distillery.
 28240 | Bazaar   | Found Lugod's Jewellery Shop.
 28280 | Bazaar   | Bought the amulet of the Trilobite {Spirit rF++ rC+} for 984 gold pieces
 28315 | Bazaar   | Bought a potion of heal wounds for 50 gold pieces
 28315 | Bazaar   | Bought a potion of curing for 30 gold pieces
 28418 | Snake:3  | Received a gift from Trog
 29587 | Snake:4  | Entered Level 4 of the Snake Pit
 30324 | Snake:4  | Noticed Mara
 30325 | Snake:4  | Noticed botchamania's illusion
 30342 | Snake:4  | Killed Mara
 30488 | Snake:4  | Reached XP level 17. HP: 148/163 MP: 16/16
 30602 | Snake:4  | Reached skill level 18 in Armour
 30621 | Snake:4  | Received a gift from Trog
 30970 | Snake:4  | Noticed Vashnia
 31001 | Snake:4  | Killed Vashnia
 31336 | Snake:4  | Found a burning altar of Makhleb.
 31881 | Snake:4  | Reached skill level 19 in Armour
 32543 | Snake:4  | Got a serpentine rune of Zot
 32685 | Snake:4  | Received a gift from Trog
 32884 | Swamp:1  | Entered Level 1 of the Swamp
 33075 | Swamp:1  | Noticed Aizul
 33081 | Swamp:1  | Noticed Donald
 33088 | Swamp:1  | Killed Aizul
 33207 | Swamp:1  | Cast into level 2 of the Abyss (Donald)
 33307 | Abyss:2  | Reached XP level 18. HP: 118/178 MP: 14/17
 33319 | Abyss:2  | Noticed a bone dragon
 33320 | Abyss:2  | Noticed a tentacled monstrosity
 33325 | Abyss:2  | Killed a tentacled monstrosity
 33385 | Abyss:2  | Received a gift from Trog
 33419 | Abyss:2  | Reached skill level 20 in Armour
 33702 | Abyss:2  | Found a corrupted altar of Lugonu.
 33735 | Abyss:2  | Found a bloodstained altar of Trog.
 33801 | Swamp:1  | Escaped the Abyss
 33831 | Swamp:1  | Killed Donald
 34282 | Swamp:1  | Noticed Roxanne
 34846 | Swamp:2  | Received a gift from Trog
 34849 | Swamp:2  | Got a jewelled battleaxe {god gift}
 34850 | Swamp:2  | Identified the +7 battleaxe of Idealism {chop, MR+} (Trog gifted it to you on level 2 of the Swamp)
 35812 | Swamp:4  | Entered Level 4 of the Swamp
 36106 | Swamp:4  | Noticed Jorgrun
 36114 | Swamp:4  | Killed Jorgrun
 36114 | Swamp:4  | Reached skill level 21 in Armour
 36230 | Swamp:4  | Noticed a tentacled monstrosity
 36242 | Swamp:4  | Killed a tentacled monstrosity
 36502 | Swamp:4  | Got a decaying rune of Zot
 37167 | Vaults:1 | Entered Level 1 of the Vaults
 37549 | Vaults:1 | Received a gift from Trog
 37555 | Vaults:1 | Reached XP level 19. HP: 190/190 MP: 14/18
 38182 | Vaults:1 | Received a gift from Trog
 38241 | Vaults:1 | Reached skill level 10 in Dodging
 38969 | Vaults:1 | Reached skill level 22 in Armour
 39200 | Vaults:2 | Found a staircase to the Crypt.
 39308 | Vaults:2 | Received a gift from Trog
 39374 | Vaults:2 | Found Haveaw's Magic Scroll Emporium.
 39380 | Vaults:2 | Bought a scroll of brand weapon for 360 gold pieces
 39380 | Vaults:2 | Bought a scroll of enchant weapon for 135 gold pieces
 39619 | Vaults:2 | Reached XP level 20. HP: 198/198 MP: 19/19
 40037 | Vaults:2 | Received a gift from Trog
 40041 | Vaults:2 | Got a jewelled battleaxe {god gift}
 40645 | Vaults:3 | Identified the +5 battleaxe of the Skies Above {speed, Str+3} (Trog gifted it to you on level 2 of the Vaults)
 41127 | Vaults:3 | Received a gift from Trog
 41430 | Vaults:3 | Reached skill level 23 in Armour
 41833 | Vaults:4 | Noticed Bai Suzhen
 41846 | Vaults:4 | Killed Bai Suzhen
 42181 | Vaults:4 | Received a gift from Trog
 42194 | Vaults:4 | Noticed Frederick
 42217 | Vaults:4 | Killed Frederick
 42456 | Vaults:4 | Reached XP level 21. HP: 183/205 MP: 20/20
 42785 | Vaults:4 | Received a gift from Trog
 43160 | Depths:1 | Entered Level 1 of the Depths
 43299 | Depths:1 | Found a gateway to Hell.
 43600 | Depths:1 | Found Reoloido's Antique Artefacts.
 43608 | Depths:1 | Bought a slimy silver ring for 150 gold pieces
 43608 | Depths:1 | Bought a scorched silver ring for 150 gold pieces
 43608 | Depths:1 | Bought a slimy bronze ring for 150 gold pieces
 43610 | Depths:1 | Identified the ring "Cegyut" {Fire rPois Int+3 Dex+3 Slay+3} (You bought it in a shop on level 1 of the Depths)
 43614 | Depths:1 | Identified the ring "Atos" {Ice Int+7 Stlth-} (You bought it in a shop on level 1 of the Depths)
 43618 | Depths:1 | Identified the cursed ring "Caseat" {rElec EV-2 Stlth+} (You bought it in a shop on level 1 of the Depths)
 43747 | Depths:1 | Found a gateway to a ziggurat.
 43914 | Depths:1 | Reached skill level 24 in Armour
 44016 | Depths:1 | Found a one-way gate leading to the halls of Pandemonium.
 44428 | Depths:1 | Reached skill level 15 in Dodging
 44816 | Depths:2 | Found Hikhomet's General Store.
 44877 | Depths:2 | Identified a scroll of acquirement
 44901 | Depths:2 | Found Istre's Weapon Emporium.
 45001 | Depths:2 | Found Dyshruce's Weapon Shop.
 45390 | Depths:2 | Noticed a caustic shrike
 45402 | Depths:2 | Killed a caustic shrike
 45402 | Depths:2 | Received a gift from Trog
 46417 | Depths:2 | Reached XP level 22. HP: 208/213 MP: 21/21
 46452 | Depths:2 | Found a portal to a secret trove of treasure.
 46518 | Depths:2 | Found Ridedo's Armour Shoppe.
 46734 | Depths:2 | You paid a toll of 14 scrolls of teleportation to enter a treasure trove
 46735 | Trove    | Entered a treasure trove
 46746 | Trove    | Got a scintillating brass ring
 46750 | Trove    | Identified the ring of Bit Qas {rCorr +Blink} (You found it in a treasure trove)
 46753 | Trove    | Got a transparent jade ring
 46778 | Trove    | Got a warped ruby amulet
 46794 | Trove    | Got a translucent brass amulet
 46797 | Trove    | Identified the amulet of Pufus {+Inv rN+ Regen+ Str+4 Dex+3} (You found it in a treasure trove)
 46805 | Trove    | Got a flickering amethyst amulet
 46807 | Trove    | Identified the amulet of Ceogorpho {+Rage Int+4} (You found it in a treasure trove)
 46811 | Trove    | Got a brightly glowing bone ring
 46812 | Trove    | Identified the ring "Lianwoagea" {Fire Str+5 Dex-3} (You found it in a treasure trove)
 46814 | Trove    | Identified the ring of Jealousy {rElec rN+ MR- AC+4} (You found it in a treasure trove)
 46815 | Trove    | Identified the amulet of Xom's Bemusement {RegenMP Str+3} (You found it in a treasure trove)
 46830 | Trove    | Got a smoking copper ring
 46832 | Trove    | Identified the ring "Luwul" {Fire rPois rN+} (You found it in a treasure trove)
 47078 | Vaults:5 | Entered Level 5 of the Vaults
 47333 | Vaults:5 | Received a gift from Trog
 47415 | Vaults:5 | Reached skill level 25 in Armour
 47426 | Vaults:5 | Noticed an ancient lich
 47485 | Vaults:5 | HP: 6/213 [titan (23)]
 47615 | Vaults:5 | Killed an ancient lich
 48146 | Vaults:5 | Noticed an ancient lich
 48158 | Vaults:5 | Killed an ancient lich
 48158 | Vaults:5 | Received a gift from Trog
 48338 | Vaults:5 | Got a silver rune of Zot
 48527 | Vaults:5 | Reached XP level 23. HP: 210/221 MP: 22/22
 49939 | Depths:3 | Received a gift from Trog
 50159 | Depths:3 | Reached skill level 26 in Armour
 50347 | Depths:3 | Noticed a juggernaut
 50364 | Depths:3 | Noticed a juggernaut
 50371 | Depths:3 | Killed a juggernaut
 51406 | Depths:3 | Killed a juggernaut
 51910 | Depths:4 | Noticed Xtahua
 51919 | Depths:4 | Killed Xtahua
 51920 | Depths:4 | Noticed the Enchantress
 51941 | Depths:4 | Killed the Enchantress
 52068 | Depths:4 | Found Puesy's One-of-a-Kind Books.
 52170 | Depths:4 | Found a one-way gate to the infinite horrors of the Abyss.
 52213 | Depths:4 | Reached XP level 24. HP: 221/234 MP: 20/22
 52391 | Depths:4 | Received a gift from Trog
 52940 | Depths:4 | Found an ancient bone altar of Kikubaaqudgha.
 53005 | Depths:4 | Noticed Jory
 53021 | Depths:4 | Killed Jory
 53121 | Depths:4 | Noticed Boris
 53139 | Depths:4 | Noticed Margery
 53160 | Depths:4 | Killed Boris
 53169 | Depths:4 | Killed Margery
 53445 | Depths:5 | Entered Level 5 of the Depths
 53670 | Depths:5 | Reached skill level 27 in Armour
 53905 | Depths:5 | Found a gate to the Realm of Zot.
 53911 | Zot:1    | Entered Level 1 of the Realm of Zot
 54664 | Zot:4    | Noticed an orb of fire
 54679 | Zot:4    | Killed an orb of fire
 55069 | Zot:5    | Entered Level 5 of the Realm of Zot
 55882 | Zot:5    | Noticed an ancient lich
 56131 | Zot:3    | Reached XP level 25. HP: 199/247 MP: 22/22
 56354 | Zot:4    | Received a gift from Trog
 56358 | Zot:4    | Reached skill level 1 in Evocations
 56444 | Zot:4    | Reached skill level 5 in Evocations
 56861 | Zot:4    | Noticed an orb of fire
 56868 | Zot:4    | Gained mutation: You expend magic power (3 MP) to strengthen your wands. [an orb of fire]
 56874 | Zot:4    | Killed an orb of fire
 56958 | Zot:5    | Noticed an ancient lich
 57036 | Zot:5    | Killed an ancient lich
 57060 | Zot:5    | Reached skill level 10 in Evocations
 57346 | Zot:5    | Received a gift from Trog
 57360 | Zot:5    | Noticed an ancient lich
 57376 | Zot:5    | Killed an ancient lich
 57523 | Zot:5    | Noticed an ancient lich
 57548 | Zot:5    | Killed an ancient lich
 57768 | Zot:5    | Noticed an orb of fire
 57780 | Zot:5    | Killed an orb of fire
 57899 | Zot:5    | Reached XP level 26. HP: 211/257 MP: 9/31
 58316 | Zot:5    | Noticed an orb of fire
 58320 | Zot:5    | Gained mutation: You are resistant to electric shocks. (rElec) [an orb of fire]
 58322 | Zot:5    | Gained mutation: You occasionally shout uncontrollably at your foes. [an orb of fire]
 58335 | Zot:5    | Killed an orb of fire
 58471 | Zot:5    | Killed an ancient lich
 58548 | Zot:5    | Received a gift from Trog
 58569 | Zot:5    | Got the Orb of Zot
 58570 | Zot:5    | Noticed an orb of fire
 58630 | Zot:5    | Killed an orb of fire
 58678 | Zot:5    | Gained mutation: You are clumsy. (Dex -2) [a Zot trap]
 58696 | Zot:5    | Noticed Heaxag the pandemonium lord
 59566 | D:$      | Escaped with the Orb!

Skill      XL: |  1  2  3  4  5  6  7  8  9 10 11 12 13 14 15 16 17 18 19 20 21 22 23 24 25 26 |
---------------+-------------------------------------------------------------------------------+-----
Fighting       | 4 5 6 7 8 9 10 12 15 17 19 21 22 24 26 | 26.1
Axes           | 4 5 6 8 9 11 13 15 19 20 22 23 24 25 26 | 26.3
Armour         | 3 4 5 6 8 9 10 12 15 17 19 21 22 23 24 25 26 27 | 27.0
Dodging        | 3 4 5 6 7 8 11 13 15 17 18 20 21 22 | 22.6
Evocations     | 12 | 12.0

Action                   |  1- 3 |  4- 6 |  7- 9 | 10-12 | 13-15 | 16-18 | 19-21 | 22-24 | 25-27 || total
-------------------------+-------+-------+-------+-------+-------+-------+-------+-------+-------++-------
Melee: Hand axe          |    86 |    84 |       |       |       |       |       |       |       ||   170
       Headbutt          |    14 |    20 |    44 |    84 |   255 |   371 |   403 |   409 |   275 ||  1875
       War axe           |       |    48 |   238 |       |       |       |       |       |       ||   286
       Broad axe         |       |       |    58 |   411 |   989 |   322 |       |       |       ||  1780
       Executioner's axe |       |       |       |    18 |       |       |    10 |       |   291 ||   319
       Battleaxe         |       |       |       |       |       |   882 |  1167 |  1099 |   385 ||  3533
Throw: Javelin           |       |       |     2 |       |       |       |       |       |       ||     2
Invok: Berserk           |       |     4 |     6 |     6 |     8 |    11 |    10 |    12 |     8 ||    65
       Burn Spellbooks   |       |       |     1 |       |     1 |     3 |     1 |     1 |     1 ||     8
       Brothers in Arms  |       |       |       |       |     3 |    10 |     1 |    15 |     7 ||    36
       Trog's Hand       |       |       |       |       |     1 |     8 |     1 |    12 |    18 ||    40
 Abil: Stop Flying       |       |       |       |       |       |     1 |       |       |       ||     1
       Evoke Flight      |       |       |       |       |       |     1 |       |       |       ||     1
       Evoke Invisibilit |       |       |       |       |       |       |       |     1 |     7 ||     8
Evoke: Wand              |       |       |       |       |       |       |       |     7 |     9 ||    16
  Use: Scroll            |     4 |     7 |     6 |     8 |     9 |    13 |    12 |    31 |     9 ||    99
       Potion            |       |       |     1 |     7 |     3 |     8 |       |    20 |     6 ||    45
 Stab: Distracted        |       |       |       |       |     2 |     3 |       |     3 |     2 ||    10
       Invisible         |       |       |       |       |       |       |       |     2 |    16 ||    18
  Eat: Chunk             |     7 |     6 |     3 |     8 |    14 |     5 |    21 |    14 |       ||    78
       Bread ration      |       |       |     2 |     3 |     6 |     1 |       |       |       ||    12
       Meat ration       |       |       |     2 |     1 |     1 |     9 |     3 |     7 |     6 ||    29
       Royal jelly       |       |       |     1 |       |     2 |       |     1 |     3 |       ||     7
       Fruit             |       |       |       |       |     1 |       |       |     1 |       ||     2
Armor: Animal skin       |     3 |       |       |       |       |       |       |       |       ||     3
       Leather armour    |    18 |    18 |    14 |       |       |       |       |       |       ||    50
       Plate armour      |       |       |    89 |   213 |   445 |   690 |   446 |   472 |   271 ||  2626
Dodge: Dodged            |    53 |    78 |   146 |   197 |   492 |   624 |   861 |   954 |   527 ||  3932
